 Seeded DCSS version 0.29-a0-362-g5854e031c7 (webtiles) character file.

Game seed: 9708579739092153053 (custom seed)

35 zeratav the Shooter (level 3, -1/21 HPs)
             Began as a Tengu Hunter on Apr 29, 2022.
             Slain by a gnoll
             ... wielding a +0 halberd
              (5 damage)
             ... on level 2 of the Dungeon.
             The game lasted 00:02:27 (729 turns).

zeratav the Shooter (Tengu Hunter)                   Turns: 729, Time: 00:02:28

Health: -1/21      AC:  3    Str: 11    XL:     3   Next: 33%
Magic:  0/4        EV: 12    Int:  9    God:
Gold:   1239       SH:  0    Dex: 23    Spells: 2/2 levels left

rFire   . . .      SeeInvis .   l - +2 triple crossbow (vorpal) {crossbow}
rCold   . . .      Faith    .   (shield currently unavailable)
rNeg    . . .      Spirit   +   b - +0 leather armour
rPois   .          Reflect  .   (helmet restricted)
rElec   .          Harm     .   (no cloak)
rCorr   .          Rampage  .   (no gloves)
Will    +....                   (boots unavailable)
Stlth   +++.......              j - amulet of the Golden God {Spirit Will+ Regen+ Dex+4 Stlth+}
HPRegen 0.87/turn               (no ring)
MPRegen 0.09/turn               (no ring)

@: no status effects
A: beak, talons 3
a: no special abilities


You were on level 2 of the Dungeon.
You visited 1 branch of the dungeon, and saw 2 of its levels.

You collected 1239 gold pieces.


Innate Abilities, Weirdness & Mutations

You have a beak for a mouth.
You have claws for feet.


   Skills:
 - Level 2.0 Fighting
 - Level 5.3 Bows
 + Level 1.2 Crossbows
 - Level 2.1 Dodging
 - Level 1.0 Stealth


You had 2 spell levels left.
You didn't know any spells.
Your spell library was empty.

Inventory:

Hand Weapons
 a - a +1 shortbow {bow}
 l - a +2 vorpal triple crossbow (weapon) {crossbow}
   (You acquired it on level 1 of the Dungeon)
Armour
 b - a +0 leather armour (worn)
 g - a +0 robe
   (You found it on level 1 of the Dungeon)
 h - a +0 robe
   (You found it on level 1 of the Dungeon)
 k - a +0 leather armour
   (You found it on level 1 of the Dungeon)
Jewellery
 j - the amulet of the Golden God (around neck) {Spirit Will+ Regen+ Dex+4 Stlth+}
   (You acquired it on level 1 of the Dungeon)

   [amulet of guardian spirit]

   It causes incoming damage to be divided between your reserves of health and
   magic.
   Dex:       It affects your dexterity (+4).
   Regen:     It increases your rate of health regeneration.
   Will:      It increases your willpower.
   Stlth:     It makes you more stealthy.
Scrolls
 c - a scroll of immolation {!r!r}
 d - 2 scrolls of magic mapping {unknown}
 e - a scroll of blinking {unknown}
 f - a scroll of silence {unknown}
 i - a scroll of vulnerability {unknown}

Dungeon Overview and Level Annotations

Branches:
Dungeon (2/15)

Altars:

... .. ##..
...##
##..)##
..... #K.#
#@#
#.....g.g..#
#<##....g...
.. #..#.....
#. ...#...).
.. ...# ...#
. ...# ...
#.... .##


You could see 3 gnolls and a kobold.


Message History

You shoot an arrow. The arrow hits the hobgoblin.
The hobgoblin closely misses you.
You shoot an arrow. The arrow closely misses the hobgoblin.
The hobgoblin barely misses you.
The hobgoblin hits you but does no damage.
You shoot an arrow. The arrow closely misses the hobgoblin.
The hobgoblin hits you.
HP[-1]
You take 1 damage, and now have 16/17 hp.
You shoot an arrow. The arrow hits the hobgoblin.
You kill the hobgoblin!
You have reached level 3!
Your experience leads to an increase in your attributes!
Increase (S)trength, (I)ntelligence, or (D)exterity?
You feel agile. x2
HP[+4] MP[+1]
You now have 21 max hp (+4).
You regained 4 hp, and now have 20/21 hp.
Your mp is fully restored (4).
You see here a hobgoblin corpse.
j - 3 scrolls labelled LUSSIE MEAFOFE HP[+1]
Your hp is fully restored (21).
Found a stone staircase leading down.
You see here a hobgoblin corpse.
k - a +0 leather armour
Things that are here:
a +0 short sword {short}; a kobold skeleton
There is an open door here.
You open the door.
There is an open door here.
There is an open door here.
Key pressed, stopping explore.
There is an open door here.
There is an open door here.
There is an open door here.
There is a stone staircase leading down here.
There is an open door here.
Done exploring.
Done exploring.
Done exploring.
Done exploring.
This is a scroll of acquirement!
Something appears before you!
l - a +2 vorpal triple crossbow {crossbow} Something appears before you!
You now have 1239 gold pieces (gained 1200).
Something appears before you!
j - the amulet of the Golden God {Spirit Will+ Regen+ Dex+4 Stlth+} You start putting on your amulet.
You continue putting on the amulet of the Golden God {Spirit Will+ Regen+ Dex+4 Stlth+}. x5
You finish putting on the amulet of the Golden God {Spirit Will+ Regen+ Dex+4 Stlth+}.
You feel your power drawn to a protective spirit.
The amulet of the Golden God throbs as it attunes itself to your uninjured body.
You feel agile.
j - the amulet of the Golden God (around neck) {Spirit Will+ Regen+ Dex+4 Stlth+}
l - a +2 vorpal triple crossbow (weapon)
{crossbow} Done exploring.
(D) Dungeon
Where to? (? - help)
There is an open door here.
There is a stone staircase leading down here.
You climb downwards.
Found a stone staircase leading up.
There is a stone staircase leading up here.
A kobold is nearby!
You shoot a bolt. The bolt hits the kobold!!
You kill the kobold!
You hear a shout! x2
A gnoll comes into view. It is wielding a +1 vorpal flail.
You shoot a bolt. The bolt hits the gnoll!!
You kill the gnoll!
A gnoll comes into view. It is wielding a +0 halberd.
A kobold comes into view. It is wielding a +0 club.
Your Crossbows skill increases to level 1!
You shoot a bolt. The bolt misses the kobold.
The kobold misses you.
A gnoll comes into view. It is wielding a +3 flail.
You shoot a bolt. The bolt closely misses the kobold.
You hear a shout!
The kobold hits you but does no damage.
A gnoll comes into view. It is wielding a +0 flail.
The gnoll hits you from afar with a +0 halberd!
The kobold closely misses you.
HP[-6] MP[-1]
You take 6 damage, and now have 15/21 hp.
MASSIVE DAMAGE!! (PAUSE)
You lost 1 mp, and now have 3/4 mp.
You are too injured to fight recklessly!
You are too injured to fight recklessly!
You are too injured to fight recklessly!
Shoot: l) +2 triple crossbow (vorpal) {crossbow}
Press: ? - help, Q - select action Shift-Dir - straight line, f/p - kobold
Aim: a kobold, wielding a +0 club and quivering stones (55% to hit)
You shoot a bolt. The bolt barely misses the kobold.
The gnoll hits you from afar with a +0 halberd!
Ouch! That really hurt!
* * * LOW HITPOINT WARNING * * *
The kobold barely misses you.
The gnoll hits you from afar with a +0 halberd.
You die...

Skill      XL: |  1  2  3 |
---------------+----------+-----
Bows           | 5 |  5.3
Crossbows      | 1 |  1.2
Fighting       | |  2.0
Dodging        | |  2.1
Stealth        | |  1.0

Action                   || total
-------------------------++-------
 Fire: Shortbow          ||    41
       Triple crossbow   ||     5
  Use: Scroll            ||     3
Armor: Leather armour    ||     5
Dodge: Dodged            ||     8

Levels and vault maps discovered:
D:1:      mrwooster_arrival_arrow, layout_basic
D:2:      layout_basic, basic_altar, minmay_fractal_squares_gapless_5

Notes
Turn   | Place    | Note
-------+----------+-------------------------------------------
     0 | D:1      | zeratav the Tengu Hunter began the quest for the Orb.
     0 | D:1      | Reached XP level 1. HP: 12/12 MP: 2/2
     0 | D:1      | magus.rc [v1.9.6]
   259 | D:1      | Reached XP level 2. HP: 17/17 MP: 3/3
   269 | D:1      | Reached skill level 5 in Bows
   480 | D:1      | Reached XP level 3. HP: 20/21 MP: 4/4
   695 | D:1      | Identified 3 scrolls of acquirement
   695 | D:1      | Acquired a +2 vorpal triple crossbow
   697 | D:1      | Acquired 1200 gold pieces
   699 | D:1      | Acquired the amulet of the Golden God {Spirit Will+ Regen+
                  | Dex+4 Stlth+}
   727 | D:2      | Reached skill level 1 in Crossbows
   729 | D:2      | HP: 4/21 [gnoll/+0 halberd (13)]
   729 | D:2      | Slain by a gnoll

Vanquished Creatures
  A gnoll (D:2)
  2 dart slugs (D:1)
  A ball python (D:1)
  An endoplasm (D:1)
  A giant cockroach (D:1)
  2 goblins (D:1)
  3 hobgoblins (D:1)
  2 quokkas (D:1)
  2 bats (D:1)
  3 kobolds
  2 rats (D:1)
20 creatures vanquished.

Table legend:
 A = Non-vault XP
 B = Vault XP
 C = Vault XP percentage of total XP
 D = Non-vault monster count
 E = Vault monster count
 F = Vault count percentage of total count
                 A         B        C        D         E       F
            +---------+---------+-------+---------+---------+-------
      Total |      50 |       0 |   0.0 |      20 |       0 |   0.0
            +---------+---------+-------+---------+---------+-------
        D:1 |      34 |       0 |   0.0 |      18 |       0 |   0.0
        D:2 |      16 |       0 |   0.0 |       2 |       0 |   0.0
            +---------+---------+-------+---------+---------+-------

Illustrated notes

Table legend:
 A = Kills in this place as a percentage of kills in entire the game.
 B = Kills by you in this place as a percentage of kills by you in the entire game.
 C = Kills by friends in this place as a percentage of kills by friends in the entire game.
 D = Other kills in this place as a percentage of other kills in the entire game.
 E = Experience gained in this place as a percentage of experience gained in the entire game.
 F = Experience gained in this place divided by the number of levels of this place that you have seen.
                   A       B       C       D       E      F
               +-------+-------+-------+-------+-------+----------------------
         Total | 100.0 | 100.0 |   N/A |   N/A | 100.0 |  25.0
       Dungeon | 100.0 | 100.0 |   N/A |   N/A | 100.0 |  25.0
               +-------+-------+-------+-------+-------+----------------------

Table legend: (Time is in decaauts)
 A = Elapsed time spent in this place.
 B = Non-inter-level travel time spent in this place.
 C = Inter-level travel time spent in this place.
 D = Time resting spent in this place.
 E = Time spent auto-exploring this place.
 F = Levels seen in this place.
 G = Mean time per level.
                   A        B        C        D        E       F      G
               +--------+--------+--------+--------+--------+-----+--------+
         Total |    745 |    728 |     17 |      0 |    626 |   2 |  372.5 |
       Dungeon |    745 |    728 |     17 |      0 |    626 |   2 |  372.5 |
               +--------+--------+--------+--------+--------+-----+--------+

Top non-repeatable levels by time:
     D:1: 735 daAuts
     D:2: 10 daAuts
